 Dungeon Crawl Stone Soup version 0.18.1-5-g4a78601 (webtiles) character file.

92 Liquid the Skirmisher (level 4, 41/41 HPs)
             Began as a Minotaur Fighter on Apr 30, 2016.
             Got out of the dungeon alive.
             The game lasted 00:20:06 (1694 turns).

Liquid the Skirmisher (Minotaur Fighter)            Turns: 1694, Time: 00:20:06

Health: 41/41      AC:  8    Str: 18 (21) XL:     4   Next: 35%
Magic:  3/3        EV:  7    Int:  3 (5)  God:
Gold:   82         SH:  9    Dex:  8 (10) Spells: 0 memorised, 3 levels left

rFire  . . .     SeeInvis +     a - +1 war axe
rCold  + . .     Gourm    .     b - +0 scale mail
rNeg   . . .     Faith    .     c - +0 shield
rPois  .         Spirit   .     (helmet restricted)
rElec  .         Dismiss  .     m - +0 cloak
rCorr  .         Reflect  .     (no gloves)
SustAt .         Harm     .     (no boots)
MR     .....                    (no amulet)
Stlth  ..........               r - ring of protection from cold
                                e - ring of see invisible

@: not resistant to hostile enchantments, extremely unstealthy
A: retaliatory headbutt, horns 2
a: no special abilities


You escaped.
You were hungry.

You visited 1 branch of the dungeon, and saw 2 of its levels.

You collected 82 gold pieces.

Inventory:

Hand Weapons
 a - a +1 war axe (weapon)
Armour
 b - a +0 scale mail (worn)
 c - a +0 shield (worn)
 m - a +0 cloak (worn)
Jewellery
 e - a ring of see invisible (left hand)
 r - a ring of protection from cold (right hand)
Wands
 t - a wand of flame (36/48)
Scrolls
 h - a scroll of fog
 j - 4 scrolls of identify
 v - a scroll of enchant weapon
Potions
 d - 2 potions of might
 n - a potion of brilliance {unknown}
 p - a potion of heal wounds
 x - a potion of flight
Comestibles
 f - 2 bread rations
 g - 3 meat rations


   Skills:
 + Level 4.3 Fighting
 * Level 3.9 Axes
 + Level 4.2 Armour
 + Level 4.2 Shields


You had 3 spell levels left.
You didn't know any spells.

Dungeon Overview and Level Annotations

Branches:
Dungeon (2/15)

Altars:
Dithmenos
Elyvilon
Gozag
Trog


Innate Abilities, Weirdness & Mutations

You reflexively headbutt those who attack you in melee.
You have a pair of horns on your head.


Message History

You hit the bat.
The bat is severely wounded.
The bat barely misses you.
You miss the bat.
The bat is severely wounded.
You block the bat's attack. x2
You hit the bat.
You kill the bat!
No target in view!
No target in view!
No target in view!
No target in view!
There is a stone staircase leading up here.
You climb upwards.
There is a stone staircase leading down here.
There is an open gate here.
There is a staircase leading out of the dungeon here.
There is a staircase leading out of the dungeon here.
Are you sure you want to leave the Dungeon?
This will make you lose the game!
You have escaped!

........................#.......#
###.#.....÷....####.......(......
........÷......#..###...........#
...............#....###..........
###.###........#......###.....>.#
###.# #.###....#........###......
....# #.# ##...#..##......#####.#
....###.# ##..#..####.......'..#
....##..# ##.#@.# ###.....'...
...†#).## #.#..####.......'..#
......## ###.#..##......#####.#
.....## ###...#........###......
....## ###...#.#......###...####.
....## #...###.#....###....###...
.....###.### #.#..###......##....
.........# #.####..............
#........## ######........#.....


There were no monsters in sight!

Vanquished Creatures
  Jessica (D:2)
  An adder (D:2)
  A worm (D:2)
  4 giant geckos
  8 bats
  3 giant cockroaches (D:1)
  3 hobgoblins
  4 jackals (D:2)
  9 kobolds
  2 giant newts (D:1)
  6 goblins
  6 rats
  A bush (D:1)
  A plant (D:1)
50 creatures vanquished.

Notes
Turn   | Place    | Note
--------------------------------------------------------------
     0 | D:1      | Liquid the Minotaur Fighter began the quest for the Orb.
     0 | D:1      | Reached XP level 1. HP: 19/19 MP: 0/0
   194 | D:1      | Reached XP level 2. HP: 14/27 MP: 1/1
   518 | D:1      | Reached XP level 3. HP: 32/33 MP: 2/2
  1021 | D:2      | Found an opulent altar of Gozag.
  1111 | D:2      | Noticed Jessica
  1112 | D:2      | Killed Jessica
  1112 | D:2      | Reached XP level 4. HP: 40/40 MP: 3/3
  1239 | D:2      | Found a white marble altar of Elyvilon.
  1361 | D:2      | Found a shadowy altar of Dithmenos.
  1460 | D:2      | Found a bloodstained altar of Trog.
  1620 | D:2      | Upgraded the game from 0.18-b1-14-g029dad2 to 0.18.1-5-g4a78601
  1694 | D:$      | Got out of the dungeon alive.

Skill      XL: |  1  2  3 |
---------------+----------+-----
Axes           | 3 |  3.9
Fighting       | 4 |  4.3
Armour         | 4 |  4.2
Shields        | 4 |  4.2

Action                   |  1- 3 |  4- 6 || total
-------------------------+-------+-------++-------
Melee: War axe           |   123 |    19 ||   142
       Headbutt          |    23 |     2 ||    25
  Use: Scroll            |     2 |     1 ||     3
       Potion            |       |     8 ||     8
  Eat: Chunk             |     1 |     1 ||     2
Armor: Scale mail        |    42 |    11 ||    53
Dodge: Dodged            |    35 |     5 ||    40
Block: Shield            |    41 |    14 ||    55
